Connexion

WASHINGTON Capitals vs PHILADELPHIA Flyers (R2)

Created - 6 novembre 2023 at 07:46

Goals
1 2 3 T
WASHINGTON Capitals 1 2 2 5
PHILADELPHIA Flyers 0 1 2 3
Shots
1 2 3 T
WASHINGTON Capitals 17 9 14 40
PHILADELPHIA Flyers 10 7 11 28

GoalsPenalties
1st period
1. WASHINGTON Capitals , Nikita Kucherov 21 (Alex Killorn 11) at 5:17 (PP)
Alex Pietrangelo (PHI) for High sticking (Double Minor) at 4:02
Jason Zucker (PHI) for Interference (Minor) at 10:38
Austin Czarnik (PHI) for Delaying the game (Minor) at 14:16
Frederick Gaudreau (WAS) for Hooking (Minor) at 14:16
Brock McGinn (PHI) for Hooking (Minor) at 18:12
2nd period
2. WASHINGTON Capitals , Aleksander Barkov 12 (Jared McCann 20, Haydn Fleury 13) at 9:33
3. WASHINGTON Capitals , Nikita Kucherov 22 (Haydn Fleury 14) at 16:49 (PP)
4. PHILADELPHIA Flyers , Austin Czarnik 17 (Alex Pietrangelo 13, Tj Brodie 22) at 17:26
Calen Addison (PHI) for Holding (Minor) at 5:58
Nail Yakupov (PHI) for Roughing (Minor) at 15:39
3rd period
5. PHILADELPHIA Flyers , Nail Yakupov 5 (Brock Nelson 13, Justin Faulk 14) at 1:19
6. WASHINGTON Capitals , Joel Kiviranta 4 (Slater Koekkoek 9, Dryden Hunt 3) at 3:42
7. PHILADELPHIA Flyers , Brock McGinn 11 (Sean Monahan 16) at 4:15
8. WASHINGTON Capitals , Brandon Hagel 15 (Nikita Kucherov 22, Shea Theodore 31) at 16:24 (PP)
Matt Roy (PHI) for Tripping (Minor) at 9:13
Alex Pietrangelo (PHI) for Holding (Minor) at 14:33
Goalie Stats
Jordan Binnington (WAS), 25 saves from 28 shots - (0,893), W, 19-5-4, 60:00 minutes
Stuart Skinner (PHI), 35 saves from 40 shots - (0,875), L, 16-12-1, 60:00 minutes
3 StarsOfficial
1 - Nikita Kucherov (WAS)
2 - Aleksander Barkov (WAS)
3 - Joel Kiviranta (WAS)
Referees : Don Koharski and Mike Hasenfratz
Linesman : Vaughan Rody and Shane Heyer
Game Note
No Game Note
Finance
Level 1 -- Attendance: 5878 (97,97%) -- Ticket Income 793 530 $
Level 2 -- Attendance: 5081 (77,73%) -- Ticket Income 406 480 $
Level 3 -- Attendance: 1453 (72,65%) -- Ticket Income 87 180 $
Level 4 -- Attendance: 3823 (95,58%) -- Ticket Income 133 805 $
Luxury Box -- Attendance: 683 (68,30%) -- Ticket Income 259 540 $
Game was played at the Whells Fargot Center.
Total Attendance: 16918 (86,59%)
Total Ticket Income: 1 680 535 $
Other Income: 336 107 $
Total Income: 2 016 642 $



Team Name Goals Shots Shots Attemp Shots Blocked PIM HIT PP PK FO%
WASHINGTON Capitals 5408252203 / 8 (38%)054%
PHILADELPHIA Flyers 328491118260 / 0 (0,00%346%

WASHINGTON Capitals
Player Name POS G A P +/- PIM HIT SHT SB MP PP MP PP SHT PK MP PK SHT FO% FOT
Aleksander BarkovC1011013125:579:0110:00063% 43
Alex KillornC/LW/RW011-3050020:115:1000:00042% 31
Andreas JohnssonLW/RW0000001010:490:2400:000100% 2
Brandon HagelLW101-3011020:115:1010:000100% 1
Denis GurianovLW/RW0000004011:480:2400:0000% 1
Dryden HuntC/LW011100013:300:0000:000100% 4
Frederick GaudreauC/RW0001206023:558:3720:00075% 4
Givani SmithRW000100003:300:0000:0000% 0
Haydn FleuryD022-2013222:376:3410:0000% 0
Jared McCannC/LW0111023024:068:3710:00050% 2
Joel HanleyD0000026025:137:1360:0000% 0
Joel KivirantaLW101100103:300:0000:0000% 0
Mikey EyssimontC/LW0000010010:120:0000:00039% 18
Nick JensenD000-2042122:376:3410:0000% 0
Nikita KucherovRW213-3017020:215:1030:0000% 2
Sean WalkerD0001020012:100:2400:0000% 0
Shea TheodoreD0110003025:137:1320:0000% 0
Slater KoekkoekD0111000012:100:2400:0000% 0
PHILADELPHIA Flyers
Player Name POS G A P +/- PIM HIT SHT SB MP PP MP PP SHT PK MP PK SHT FO% FOT
Alex PietrangeloD0111611324:400:0005:3500% 0
Austin CzarnikC/RW1011214027:240:0009:37141% 39
Brock McGinnLW/RW1011202015:040:0000:0600% 0
Brock NelsonC011-1013012:480:0001:53038% 21
Calen AddisonD000-1201222:230:0005:5000% 0
Jakob SilfverbergLW/RW0001000114:590:0000:00060% 5
Jason ZuckerLW/RW0000212020:470:0003:53057% 7
Joe VelenoC000001001:260:0000:00067% 6
Justin FaulkD011-1030122:410:0006:0700% 0
Kasperi KapanenLW/RW000-1013011:180:0000:00050% 2
Matt RoyD0001211112:430:0002:3600% 0
Nail YakupovRW101-1234010:540:0000:0000% 1
Olli MaattaD0001040110:080:0000:0000% 0
Pavel BuchnevichLW/RW0000041021:230:0004:2800% 0
Sean MonahanC0111035025:050:0008:25052% 25
Tim StutzleC/LW000100001:190:0000:00050% 2
Tj BrodieD0111021227:210:0008:1400% 0
Zach PariseC/LW000100001:190:0000:0000% 0



Play-by-Play

1st period


0:01 of 1st period - Aleksander Barkov wins face-off versus Austin Czarnik in neutral zone.
0:51 of 1st period - Off-side.
0:52 of 1st period - Alex Killorn wins face-off versus Sean Monahan in neutral zone.
1:03 of 1st period - Icing by Haydn Fleury.
1:04 of 1st period - Alex Killorn wins face-off versus Brock Nelson in WASHINGTON Capitals zone.
1:04 of 1st period - Nick Jensen is hit by Nail Yakupov and loses puck.
1:10 of 1st period - Icing by Brandon Hagel.
1:11 of 1st period - Sean Monahan wins face-off versus Alex Killorn in WASHINGTON Capitals zone.
1:12 of 1st period - Shot by Brock McGinn.
1:12 of 1st period - Stopped by Jordan Binnington without a rebound.
1:13 of 1st period - Mikey Eyssimont wins face-off versus Sean Monahan in WASHINGTON Capitals zone.
1:42 of 1st period - Brock McGinn is hit by Sean Walker and loses puck.
1:50 of 1st period - Denis Gurianov is hit by Justin Faulk and loses puck.
3:19 of 1st period - Shot by Jared McCann.
3:19 of 1st period - Shot Blocked by Matt Roy.
3:44 of 1st period - Pavel Buchnevich is hit by Joel Hanley and loses puck.
4:02 of 1st period - Double Minor Penalty to Alex Pietrangelo for High sticking.
4:03 of 1st period - Austin Czarnik wins face-off versus Alex Killorn in PHILADELPHIA Flyers zone.
4:45 of 1st period - Icing by Joel Hanley.
4:46 of 1st period - Jason Zucker wins face-off versus Aleksander Barkov in WASHINGTON Capitals zone.
5:03 of 1st period - Shot by Jared McCann.
5:03 of 1st period - Stopped by Stuart Skinner without a rebound.
5:04 of 1st period - Austin Czarnik wins face-off versus Alex Killorn in PHILADELPHIA Flyers zone.
5:17 of 1st period - Shot by Nikita Kucherov.
5:17 of 1st period - Goal by Nikita Kucherov - WASHINGTON Capitals : 1 - PHILADELPHIA Flyers : 0.
5:18 of 1st period - Alex Killorn wins face-off versus Austin Czarnik in neutral zone.
5:34 of 1st period - Shot by Nikita Kucherov.
5:34 of 1st period - Shot Misses the Net.
5:46 of 1st period - Jason Zucker is hit by Alex Killorn.
6:32 of 1st period - Shot by Jared McCann.
6:32 of 1st period - Shot Blocked by Calen Addison.
7:50 of 1st period - Shot by Nail Yakupov.
7:50 of 1st period - Stopped by Jordan Binnington without a rebound.
7:51 of 1st period - Joe Veleno wins face-off versus Mikey Eyssimont in WASHINGTON Capitals zone.
7:58 of 1st period - Shot by Jason Zucker.
7:58 of 1st period - Stopped by Jordan Binnington without a rebound.
7:59 of 1st period - Austin Czarnik wins face-off versus Mikey Eyssimont in WASHINGTON Capitals zone.
7:59 of 1st period - Austin Czarnik is hit by Haydn Fleury.
8:20 of 1st period - Shot by Denis Gurianov.
8:20 of 1st period - Shot Hit the Post.
8:43 of 1st period - Icing by Haydn Fleury.
8:44 of 1st period - Sean Monahan wins face-off versus Mikey Eyssimont in WASHINGTON Capitals zone.
8:44 of 1st period - Sean Monahan is hit by Nick Jensen.
9:02 of 1st period - Shot by Sean Monahan.
9:02 of 1st period - Shot Misses the Net.
9:14 of 1st period - Icing by Sean Monahan.
9:15 of 1st period - Aleksander Barkov wins face-off versus Sean Monahan in PHILADELPHIA Flyers zone.
9:39 of 1st period - Off-side.
9:40 of 1st period - Brock Nelson wins face-off versus Alex Killorn in neutral zone.
9:40 of 1st period - Nail Yakupov is hit by Alex Killorn and loses puck.
9:51 of 1st period - Matt Roy is hit by Nikita Kucherov and loses puck.
10:13 of 1st period - Shot by Nikita Kucherov.
10:13 of 1st period - Stopped by Stuart Skinner without a rebound.
10:14 of 1st period - Aleksander Barkov wins face-off versus Jason Zucker in PHILADELPHIA Flyers zone.
10:38 of 1st period - Minor Penalty to Jason Zucker for Interference.
10:39 of 1st period - Alex Killorn wins face-off versus Austin Czarnik in PHILADELPHIA Flyers zone.
10:52 of 1st period - Icing by Haydn Fleury.
10:53 of 1st period - Sean Monahan wins face-off versus Alex Killorn in WASHINGTON Capitals zone.
11:10 of 1st period - Shot by Austin Czarnik.
11:10 of 1st period - Stopped by Jordan Binnington without a rebound.
11:11 of 1st period - Aleksander Barkov wins face-off versus Brock Nelson in WASHINGTON Capitals zone.
11:11 of 1st period - Aleksander Barkov is hit by Pavel Buchnevich.
11:21 of 1st period - Shot by Joel Hanley.
11:21 of 1st period - Stopped by Stuart Skinner without a rebound.
11:22 of 1st period - Aleksander Barkov wins face-off versus Austin Czarnik in PHILADELPHIA Flyers zone.
11:45 of 1st period - Shot by Frederick Gaudreau.
11:45 of 1st period - Stopped by Stuart Skinner without a rebound.
11:46 of 1st period - Alex Killorn wins face-off versus Brock Nelson in PHILADELPHIA Flyers zone.
11:53 of 1st period - Shot by Nick Jensen.
11:53 of 1st period - Shot Misses the Net.
11:55 of 1st period - Shot by Nikita Kucherov.
11:55 of 1st period - Shot Misses the Net.
11:57 of 1st period - Shot by Haydn Fleury.
11:57 of 1st period - Stopped by Stuart Skinner without a rebound.
11:58 of 1st period - Aleksander Barkov wins face-off versus Austin Czarnik in PHILADELPHIA Flyers zone.
11:59 of 1st period - Shot by Shea Theodore.
11:59 of 1st period - Stopped by Stuart Skinner without a rebound.
12:00 of 1st period - Frederick Gaudreau wins face-off versus Austin Czarnik in PHILADELPHIA Flyers zone.
12:07 of 1st period - Shot by Joel Hanley.
12:07 of 1st period - Deflect By Frederick Gaudreau.
12:07 of 1st period - Stopped by Stuart Skinner without a rebound.
12:08 of 1st period - Austin Czarnik wins face-off versus Aleksander Barkov in PHILADELPHIA Flyers zone.
12:29 of 1st period - Shot by Shea Theodore.
12:29 of 1st period - Shot Misses the Net.
12:31 of 1st period - Shot by Shea Theodore.
12:31 of 1st period - Shot Misses the Net.
12:35 of 1st period - Shot by Joel Hanley.
12:35 of 1st period - Stopped by Stuart Skinner without a rebound.
12:36 of 1st period - Alex Killorn wins face-off versus Austin Czarnik in PHILADELPHIA Flyers zone.
12:36 of 1st period - Nikita Kucherov is hit by Tj Brodie and loses puck.
12:42 of 1st period - Off-side.
12:43 of 1st period - Austin Czarnik wins face-off versus Alex Killorn in neutral zone.
12:43 of 1st period - Alex Pietrangelo is hit by Alex Killorn and loses puck.
13:23 of 1st period - Off-side.
13:24 of 1st period - Aleksander Barkov wins face-off versus Sean Monahan in neutral zone.
13:39 of 1st period - Shot by Sean Monahan.
13:39 of 1st period - Stopped by Jordan Binnington without a rebound.
13:40 of 1st period - Dryden Hunt wins face-off versus Brock Nelson in WASHINGTON Capitals zone.
13:40 of 1st period - Dryden Hunt is hit by Brock Nelson.
13:56 of 1st period - Shot by Kasperi Kapanen.
13:56 of 1st period - Shot Misses the Net.
13:58 of 1st period - Shot by Nail Yakupov.
13:58 of 1st period - Shot Blocked by Dryden Hunt.
14:00 of 1st period - Shot by Brock Nelson.
14:00 of 1st period - Shot Misses the Net.
14:02 of 1st period - Shot by Kasperi Kapanen.
14:02 of 1st period - Deflect By Brock Nelson.
14:02 of 1st period - Stopped by Jordan Binnington without a rebound.
14:03 of 1st period - Aleksander Barkov wins face-off versus Austin Czarnik in WASHINGTON Capitals zone.
14:03 of 1st period - Aleksander Barkov is hit by Pavel Buchnevich.
14:16 of 1st period - Minor Penalty to Austin Czarnik for Delaying the game.
14:16 of 1st period - Minor Penalty to Frederick Gaudreau for Hooking.
14:17 of 1st period - Joe Veleno wins face-off versus Aleksander Barkov in neutral zone.
14:22 of 1st period - Icing by Denis Gurianov.
14:23 of 1st period - Aleksander Barkov wins face-off versus Joe Veleno in WASHINGTON Capitals zone.
14:23 of 1st period - Aleksander Barkov is hit by Joe Veleno.
14:26 of 1st period - Icing by Denis Gurianov.
14:27 of 1st period - Joe Veleno wins face-off versus Denis Gurianov in WASHINGTON Capitals zone.
14:28 of 1st period - Shot by Sean Monahan.
14:28 of 1st period - Shot Blocked by Nick Jensen.
14:30 of 1st period - Shot by Sean Monahan.
14:30 of 1st period - Shot Misses the Net.
14:32 of 1st period - Shot by Tj Brodie.
14:32 of 1st period - Shot Misses the Net.
14:34 of 1st period - Shot by Tj Brodie.
14:34 of 1st period - Stopped by Jordan Binnington with a rebound.
14:46 of 1st period - Shot by Sean Monahan.
14:46 of 1st period - Shot Blocked by Haydn Fleury.
14:48 of 1st period - Shot by Sean Monahan.
14:48 of 1st period - Stopped by Jordan Binnington without a rebound.
14:49 of 1st period - Aleksander Barkov wins face-off versus Joe Veleno in WASHINGTON Capitals zone.
15:14 of 1st period - Shot by Sean Monahan.
15:14 of 1st period - Shot Hit the Post.
15:16 of 1st period - Shot by Sean Monahan.
15:16 of 1st period - Shot Blocked by Aleksander Barkov.
15:50 of 1st period - Shot by Jason Zucker.
15:50 of 1st period - Stopped by Jordan Binnington without a rebound.
15:51 of 1st period - Andreas Johnsson wins face-off versus Kasperi Kapanen in WASHINGTON Capitals zone.
16:02 of 1st period - Shot by Nick Jensen.
16:02 of 1st period - Stopped by Stuart Skinner without a rebound.
16:03 of 1st period - Kasperi Kapanen wins face-off versus Aleksander Barkov in PHILADELPHIA Flyers zone.
16:13 of 1st period - Shot by Haydn Fleury.
16:13 of 1st period - Stopped by Stuart Skinner without a rebound.
16:14 of 1st period - Joe Veleno wins face-off versus Aleksander Barkov in PHILADELPHIA Flyers zone.
16:14 of 1st period - Joe Veleno is hit by Aleksander Barkov.
16:24 of 1st period - Shot by Sean Monahan.
16:24 of 1st period - Stopped by Jordan Binnington without a rebound.
16:25 of 1st period - Alex Killorn wins face-off versus Austin Czarnik in WASHINGTON Capitals zone.
16:36 of 1st period - Shot by Alex Pietrangelo.
16:36 of 1st period - Shot Misses the Net.
17:03 of 1st period - Pavel Buchnevich is hit by Joel Hanley and loses puck.
17:46 of 1st period - Shot by Jared McCann.
17:46 of 1st period - Shot Blocked by Calen Addison.
17:54 of 1st period - Shot by Frederick Gaudreau.
17:54 of 1st period - Deflect By Jared McCann.
17:54 of 1st period - Shot Misses the Net.
17:56 of 1st period - Shot by Haydn Fleury.
17:56 of 1st period - Stopped by Stuart Skinner without a rebound.
17:57 of 1st period - Mikey Eyssimont wins face-off versus Brock Nelson in PHILADELPHIA Flyers zone.
17:58 of 1st period - Shot by Denis Gurianov.
17:58 of 1st period - Stopped by Stuart Skinner without a rebound.
17:59 of 1st period - Mikey Eyssimont wins face-off versus Brock Nelson in PHILADELPHIA Flyers zone.
18:00 of 1st period - Shot by Denis Gurianov.
18:00 of 1st period - Stopped by Stuart Skinner with a rebound.
18:05 of 1st period - Off-side.
18:06 of 1st period - Sean Monahan wins face-off versus Nikita Kucherov in neutral zone.
18:11 of 1st period - Shot by Jakob Silfverberg.
18:11 of 1st period - Shot Misses the Net.
18:12 of 1st period - Minor Penalty to Brock McGinn for Hooking.
18:13 of 1st period - Austin Czarnik wins face-off versus Aleksander Barkov in PHILADELPHIA Flyers zone.
18:18 of 1st period - Sean Monahan is hit by Jared McCann and loses puck.
18:40 of 1st period - Shot by Joel Hanley.
18:40 of 1st period - Stopped by Stuart Skinner without a rebound.
18:41 of 1st period - Alex Killorn wins face-off versus Austin Czarnik in PHILADELPHIA Flyers zone.
18:54 of 1st period - Shot by Nick Jensen.
18:54 of 1st period - Stopped by Stuart Skinner with a rebound.
18:56 of 1st period - Shot by Haydn Fleury.
18:56 of 1st period - Shot Blocked by Alex Pietrangelo.
19:12 of 1st period - Shot by Nikita Kucherov.
19:12 of 1st period - Deflect By Brandon Hagel.
19:12 of 1st period - Shot Blocked by Alex Pietrangelo.
19:14 of 1st period - Shot by Haydn Fleury.
19:14 of 1st period - Shot Misses the Net.
19:16 of 1st period - Shot by Brandon Hagel.
19:16 of 1st period - Deflect By Nikita Kucherov.
19:16 of 1st period - Stopped by Stuart Skinner without a rebound.
19:17 of 1st period - Jason Zucker wins face-off versus Aleksander Barkov in PHILADELPHIA Flyers zone.
Goals for this period are 1 for WASHINGTON Capitals vs 0 for PHILADELPHIA Flyers.
Shots for this period are 17 for WASHINGTON Capitals vs 10 for PHILADELPHIA Flyers.

2nd period


0:01 of 2nd period - Aleksander Barkov wins face-off versus Austin Czarnik in neutral zone.
0:03 of 2nd period - Off-side.
0:04 of 2nd period - Aleksander Barkov wins face-off versus Austin Czarnik in neutral zone.
0:06 of 2nd period - Off-side.
0:07 of 2nd period - Austin Czarnik wins face-off versus Frederick Gaudreau in neutral zone.
0:16 of 2nd period - Shot by Nikita Kucherov.
0:16 of 2nd period - Shot Misses the Net.
0:53 of 2nd period - Shot by Brock Nelson.
0:53 of 2nd period - Stopped by Jordan Binnington without a rebound.
0:54 of 2nd period - Austin Czarnik wins face-off versus Aleksander Barkov in WASHINGTON Capitals zone.
1:03 of 2nd period - Shot by Jared McCann.
1:03 of 2nd period - Deflect By Frederick Gaudreau.
1:03 of 2nd period - Shot Misses the Net.
1:40 of 2nd period - Off-side.
1:41 of 2nd period - Mikey Eyssimont wins face-off versus Sean Monahan in neutral zone.
1:41 of 2nd period - Andreas Johnsson is hit by Sean Monahan and loses puck.
1:54 of 2nd period - Shot by Denis Gurianov.
1:54 of 2nd period - Stopped by Stuart Skinner without a rebound.
1:55 of 2nd period - Brock Nelson wins face-off versus Alex Killorn in PHILADELPHIA Flyers zone.
2:22 of 2nd period - Off-side.
2:23 of 2nd period - Aleksander Barkov wins face-off versus Austin Czarnik in neutral zone.
3:06 of 2nd period - Shot by Frederick Gaudreau.
3:06 of 2nd period - Stopped by Stuart Skinner without a rebound.
3:07 of 2nd period - Sean Monahan wins face-off versus Alex Killorn in PHILADELPHIA Flyers zone.
3:09 of 2nd period - Icing by Justin Faulk.
3:10 of 2nd period - Mikey Eyssimont wins face-off versus Sean Monahan in PHILADELPHIA Flyers zone.
3:23 of 2nd period - Haydn Fleury is hit by Sean Monahan and loses puck.
4:16 of 2nd period - Shot by Pavel Buchnevich.
4:16 of 2nd period - Shot Misses the Net.
4:18 of 2nd period - Shot by Austin Czarnik.
4:18 of 2nd period - Shot Misses the Net.
4:20 of 2nd period - Shot by Alex Pietrangelo.
4:20 of 2nd period - Stopped by Jordan Binnington without a rebound.
4:21 of 2nd period - Frederick Gaudreau wins face-off versus Brock Nelson in WASHINGTON Capitals zone.
4:30 of 2nd period - Shot by Shea Theodore.
4:30 of 2nd period - Stopped by Stuart Skinner without a rebound.
4:31 of 2nd period - Aleksander Barkov wins face-off versus Austin Czarnik in PHILADELPHIA Flyers zone.
5:05 of 2nd period - Off-side.
5:06 of 2nd period - Jakob Silfverberg wins face-off versus Alex Killorn in neutral zone.
5:17 of 2nd period - Justin Faulk is hit by Alex Killorn.
5:20 of 2nd period - Icing by Brock McGinn.
5:21 of 2nd period - Mikey Eyssimont wins face-off versus Sean Monahan in PHILADELPHIA Flyers zone.
5:21 of 2nd period - Mikey Eyssimont is hit by Justin Faulk.
5:58 of 2nd period - Minor Penalty to Calen Addison for Holding.
5:59 of 2nd period - Austin Czarnik wins face-off versus Aleksander Barkov in PHILADELPHIA Flyers zone.
8:06 of 2nd period - Shot by Joel Kiviranta.
8:06 of 2nd period - Shot Blocked by Olli Maatta.
8:14 of 2nd period - Shot by Dryden Hunt.
8:14 of 2nd period - Shot Misses the Net.
8:40 of 2nd period - Shot by Dryden Hunt.
8:40 of 2nd period - Deflect By Joel Kiviranta.
8:40 of 2nd period - Shot Misses the Net.
8:59 of 2nd period - Icing by Brock McGinn.
9:00 of 2nd period - Sean Monahan wins face-off versus Alex Killorn in PHILADELPHIA Flyers zone.
9:19 of 2nd period - Shot by Nikita Kucherov.
9:19 of 2nd period - Stopped by Stuart Skinner without a rebound.
9:20 of 2nd period - Brock Nelson wins face-off versus Jared McCann in PHILADELPHIA Flyers zone.
9:33 of 2nd period - Shot by Aleksander Barkov.
9:33 of 2nd period - Goal by Aleksander Barkov - WASHINGTON Capitals : 2 - PHILADELPHIA Flyers : 0.
9:34 of 2nd period - Austin Czarnik wins face-off versus Alex Killorn in neutral zone.
10:45 of 2nd period - Shot by Aleksander Barkov.
10:45 of 2nd period - Deflect By Jared McCann.
10:45 of 2nd period - Shot Misses the Net.
10:47 of 2nd period - Shot by Jared McCann.
10:47 of 2nd period - Stopped by Stuart Skinner without a rebound.
10:48 of 2nd period - Sean Monahan wins face-off versus Mikey Eyssimont in PHILADELPHIA Flyers zone.
10:50 of 2nd period - Icing by Jakob Silfverberg.
10:51 of 2nd period - Aleksander Barkov wins face-off versus Jakob Silfverberg in PHILADELPHIA Flyers zone.
10:51 of 2nd period - Jared McCann is hit by Olli Maatta and loses puck.
10:57 of 2nd period - Frederick Gaudreau is hit by Olli Maatta and loses puck.
11:09 of 2nd period - Jared McCann is hit by Olli Maatta and loses puck.
11:20 of 2nd period - Icing by Olli Maatta.
11:21 of 2nd period - Alex Killorn wins face-off versus Sean Monahan in PHILADELPHIA Flyers zone.
11:21 of 2nd period - Brandon Hagel is hit by Matt Roy and loses puck.
11:32 of 2nd period - Shot by Sean Monahan.
11:32 of 2nd period - Shot Misses the Net.
11:37 of 2nd period - Icing by Nick Jensen.
11:38 of 2nd period - Alex Killorn wins face-off versus Austin Czarnik in WASHINGTON Capitals zone.
11:44 of 2nd period - Icing by Nick Jensen.
11:45 of 2nd period - Alex Killorn wins face-off versus Austin Czarnik in WASHINGTON Capitals zone.
11:57 of 2nd period - Nikita Kucherov is hit by Jason Zucker.
12:50 of 2nd period - Shot by Brock McGinn.
12:50 of 2nd period - Shot Misses the Net.
13:58 of 2nd period - Shot by Denis Gurianov.
13:58 of 2nd period - Shot Blocked by Jakob Silfverberg.
14:19 of 2nd period - Icing by Calen Addison.
14:20 of 2nd period - Dryden Hunt wins face-off versus Sean Monahan in PHILADELPHIA Flyers zone.
14:56 of 2nd period - Jason Zucker is hit by Nick Jensen and loses puck.
14:59 of 2nd period - Shot by Tj Brodie.
14:59 of 2nd period - Shot Misses the Net.
15:01 of 2nd period - Shot by Austin Czarnik.
15:01 of 2nd period - Stopped by Jordan Binnington with a rebound.
15:03 of 2nd period - Shot by Tj Brodie.
15:03 of 2nd period - Shot Misses the Net.
15:37 of 2nd period - Shot by Kasperi Kapanen.
15:37 of 2nd period - Stopped by Jordan Binnington without a rebound.
15:38 of 2nd period - Aleksander Barkov wins face-off versus Brock Nelson in WASHINGTON Capitals zone.
15:38 of 2nd period - Jared McCann is hit by Nail Yakupov and loses puck.
15:39 of 2nd period - Minor Penalty to Nail Yakupov for Roughing.
15:40 of 2nd period - Jared McCann wins face-off versus Austin Czarnik in PHILADELPHIA Flyers zone.
15:41 of 2nd period - Shot by Aleksander Barkov.
15:41 of 2nd period - Stopped by Stuart Skinner with a rebound.
15:43 of 2nd period - Shot by Jared McCann.
15:43 of 2nd period - Shot Hit the Post.
15:45 of 2nd period - Shot by Frederick Gaudreau.
15:45 of 2nd period - Shot Misses the Net.
15:47 of 2nd period - Shot by Shea Theodore.
15:47 of 2nd period - Stopped by Stuart Skinner without a rebound.
15:48 of 2nd period - Aleksander Barkov wins face-off versus Jason Zucker in PHILADELPHIA Flyers zone.
15:48 of 2nd period - Shea Theodore is hit by Alex Pietrangelo and loses puck.
16:09 of 2nd period - Shot by Jared McCann.
16:09 of 2nd period - Shot Blocked by Tj Brodie.
16:49 of 2nd period - Shot by Nikita Kucherov.
16:49 of 2nd period - Goal by Nikita Kucherov - WASHINGTON Capitals : 3 - PHILADELPHIA Flyers : 0.
16:50 of 2nd period - Andreas Johnsson wins face-off versus Brock Nelson in neutral zone.
16:50 of 2nd period - Andreas Johnsson is hit by Nail Yakupov.
17:17 of 2nd period - Off-side.
17:18 of 2nd period - Tim Stutzle wins face-off versus Alex Killorn in neutral zone.
17:18 of 2nd period - Tim Stutzle is hit by Alex Killorn.
17:26 of 2nd period - Shot by Austin Czarnik.
17:26 of 2nd period - Goal by Austin Czarnik - WASHINGTON Capitals : 3 - PHILADELPHIA Flyers : 1.
17:27 of 2nd period - Aleksander Barkov wins face-off versus Austin Czarnik in neutral zone.
18:55 of 2nd period - Shot by Calen Addison.
18:55 of 2nd period - Stopped by Jordan Binnington without a rebound.
18:56 of 2nd period - Brock Nelson wins face-off versus Mikey Eyssimont in WASHINGTON Capitals zone.
19:20 of 2nd period - Icing by Sean Walker.
19:21 of 2nd period - Mikey Eyssimont wins face-off versus Tim Stutzle in WASHINGTON Capitals zone.
19:38 of 2nd period - Shot by Austin Czarnik.
19:38 of 2nd period - Stopped by Jordan Binnington without a rebound.
19:39 of 2nd period - Alex Killorn wins face-off versus Sean Monahan in WASHINGTON Capitals zone.
Goals for this period are 2 for WASHINGTON Capitals vs 1 for PHILADELPHIA Flyers.
Shots for this period are 9 for WASHINGTON Capitals vs 7 for PHILADELPHIA Flyers.

3rd period


0:01 of 3rd period - Austin Czarnik wins face-off versus Aleksander Barkov in neutral zone.
0:36 of 3rd period - Shot by Jason Zucker.
0:36 of 3rd period - Shot Misses the Net.
1:03 of 3rd period - Icing by Haydn Fleury.
1:04 of 3rd period - Brock Nelson wins face-off versus Alex Killorn in WASHINGTON Capitals zone.
1:04 of 3rd period - Calen Addison is hit by Nick Jensen and loses puck.
1:19 of 3rd period - Shot by Nail Yakupov.
1:19 of 3rd period - Goal by Nail Yakupov - WASHINGTON Capitals : 3 - PHILADELPHIA Flyers : 2.
1:20 of 3rd period - Jakob Silfverberg wins face-off versus Mikey Eyssimont in neutral zone.
1:32 of 3rd period - Denis Gurianov is hit by Olli Maatta and loses puck.
1:42 of 3rd period - Icing by Olli Maatta.
1:43 of 3rd period - Aleksander Barkov wins face-off versus Sean Monahan in PHILADELPHIA Flyers zone.
1:50 of 3rd period - Shot by Frederick Gaudreau.
1:50 of 3rd period - Stopped by Stuart Skinner with a rebound.
1:52 of 3rd period - Shot by Jared McCann.
1:52 of 3rd period - Shot Misses the Net.
2:45 of 3rd period - Shot by Brandon Hagel.
2:45 of 3rd period - Shot Misses the Net.
2:47 of 3rd period - Shot by Brandon Hagel.
2:47 of 3rd period - Shot Misses the Net.
2:49 of 3rd period - Shot by Haydn Fleury.
2:49 of 3rd period - Shot Misses the Net.
2:51 of 3rd period - Shot by Alex Killorn.
2:51 of 3rd period - Shot Misses the Net.
3:16 of 3rd period - Shot by Nikita Kucherov.
3:16 of 3rd period - Shot Hit the Post.
3:18 of 3rd period - Shot by Brandon Hagel.
3:18 of 3rd period - Shot Misses the Net.
3:36 of 3rd period - Shot by Andreas Johnsson.
3:36 of 3rd period - Shot Misses the Net.
3:38 of 3rd period - Shot by Andreas Johnsson.
3:38 of 3rd period - Stopped by Stuart Skinner without a rebound.
3:39 of 3rd period - Dryden Hunt wins face-off versus Brock Nelson in PHILADELPHIA Flyers zone.
3:42 of 3rd period - Shot by Joel Kiviranta.
3:42 of 3rd period - Goal by Joel Kiviranta - WASHINGTON Capitals : 4 - PHILADELPHIA Flyers : 2.
3:43 of 3rd period - Brock Nelson wins face-off versus Mikey Eyssimont in neutral zone.
3:48 of 3rd period - Shot by Kasperi Kapanen.
3:48 of 3rd period - Stopped by Jordan Binnington with a rebound.
3:50 of 3rd period - Shot by Kasperi Kapanen.
3:50 of 3rd period - Stopped by Jordan Binnington without a rebound.
3:51 of 3rd period - Aleksander Barkov wins face-off versus Brock Nelson in WASHINGTON Capitals zone.
3:59 of 3rd period - Icing by Calen Addison.
4:00 of 3rd period - Aleksander Barkov wins face-off versus Nail Yakupov in PHILADELPHIA Flyers zone.
4:01 of 3rd period - Shot by Shea Theodore.
4:01 of 3rd period - Deflect By Frederick Gaudreau.
4:01 of 3rd period - Shot Misses the Net.
4:11 of 3rd period - Shot by Nail Yakupov.
4:11 of 3rd period - Stopped by Jordan Binnington without a rebound.
4:12 of 3rd period - Sean Monahan wins face-off versus Alex Killorn in WASHINGTON Capitals zone.
4:15 of 3rd period - Shot by Brock McGinn.
4:15 of 3rd period - Goal by Brock McGinn - WASHINGTON Capitals : 4 - PHILADELPHIA Flyers : 3.
4:16 of 3rd period - Jason Zucker wins face-off versus Aleksander Barkov in neutral zone.
4:58 of 3rd period - Shot by Frederick Gaudreau.
4:58 of 3rd period - Shot Misses the Net.
5:43 of 3rd period - Brock McGinn is hit by Nick Jensen and loses puck.
6:03 of 3rd period - Icing by Haydn Fleury.
6:04 of 3rd period - Brandon Hagel wins face-off versus Brock Nelson in WASHINGTON Capitals zone.
6:04 of 3rd period - Haydn Fleury is hit by Kasperi Kapanen and loses puck.
6:23 of 3rd period - Shot by Kasperi Kapanen.
6:23 of 3rd period - Shot Blocked by Haydn Fleury.
6:25 of 3rd period - Shot by Brock Nelson.
6:25 of 3rd period - Stopped by Jordan Binnington without a rebound.
6:26 of 3rd period - Austin Czarnik wins face-off versus Aleksander Barkov in WASHINGTON Capitals zone.
6:33 of 3rd period - Shot by Shea Theodore.
6:33 of 3rd period - Shot Misses the Net.
7:05 of 3rd period - Shot by Aleksander Barkov.
7:05 of 3rd period - Shot Misses the Net.
7:20 of 3rd period - Icing by Shea Theodore.
7:21 of 3rd period - Aleksander Barkov wins face-off versus Brock Nelson in WASHINGTON Capitals zone.
8:30 of 3rd period - Calen Addison is hit by Brandon Hagel and loses puck.
8:37 of 3rd period - Shot by Nikita Kucherov.
8:37 of 3rd period - Stopped by Stuart Skinner without a rebound.
8:38 of 3rd period - Dryden Hunt wins face-off versus Austin Czarnik in PHILADELPHIA Flyers zone.
8:38 of 3rd period - Nick Jensen is hit by Tj Brodie and loses puck.
8:41 of 3rd period - Shot by Givani Smith.
8:41 of 3rd period - Shot Misses the Net.
8:47 of 3rd period - Shot by Haydn Fleury.
8:47 of 3rd period - Deflect By Givani Smith.
8:47 of 3rd period - Shot Misses the Net.
9:06 of 3rd period - Off-side.
9:07 of 3rd period - Jakob Silfverberg wins face-off versus Aleksander Barkov in neutral zone.
9:13 of 3rd period - Minor Penalty to Matt Roy for Tripping.
9:14 of 3rd period - Sean Monahan wins face-off versus Aleksander Barkov in PHILADELPHIA Flyers zone.
9:25 of 3rd period - Shot by Joel Hanley.
9:25 of 3rd period - Stopped by Stuart Skinner with a rebound.
9:27 of 3rd period - Shot by Joel Hanley.
9:27 of 3rd period - Stopped by Stuart Skinner without a rebound.
9:28 of 3rd period - Austin Czarnik wins face-off versus Alex Killorn in PHILADELPHIA Flyers zone.
9:34 of 3rd period - Icing by Nikita Kucherov.
9:35 of 3rd period - Austin Czarnik wins face-off versus Alex Killorn in WASHINGTON Capitals zone.
9:55 of 3rd period - Shot by Joel Hanley.
9:55 of 3rd period - Stopped by Stuart Skinner without a rebound.
9:56 of 3rd period - Aleksander Barkov wins face-off versus Austin Czarnik in PHILADELPHIA Flyers zone.
10:01 of 3rd period - Shot by Frederick Gaudreau.
10:01 of 3rd period - Shot Blocked by Alex Pietrangelo.
11:22 of 3rd period - Shot by Denis Gurianov.
11:22 of 3rd period - Stopped by Stuart Skinner with a rebound.
11:52 of 3rd period - Shot by Nail Yakupov.
11:52 of 3rd period - Shot Misses the Net.
11:57 of 3rd period - Icing by Mikey Eyssimont.
11:58 of 3rd period - Sean Monahan wins face-off versus Mikey Eyssimont in WASHINGTON Capitals zone.
11:58 of 3rd period - Brock McGinn is hit by Sean Walker.
13:46 of 3rd period - Shot by Nail Yakupov.
13:46 of 3rd period - Stopped by Jordan Binnington with a rebound.
13:48 of 3rd period - Shot by Matt Roy.
13:48 of 3rd period - Stopped by Jordan Binnington without a rebound.
13:49 of 3rd period - Brock Nelson wins face-off versus Aleksander Barkov in WASHINGTON Capitals zone.
13:56 of 3rd period - Nail Yakupov is hit by Jared McCann and loses puck.
14:01 of 3rd period - Shot by Frederick Gaudreau.
14:01 of 3rd period - Stopped by Stuart Skinner without a rebound.
14:02 of 3rd period - Sean Monahan wins face-off versus Mikey Eyssimont in PHILADELPHIA Flyers zone.
14:07 of 3rd period - Shot by Sean Monahan.
14:07 of 3rd period - Stopped by Jordan Binnington without a rebound.
14:08 of 3rd period - Sean Monahan wins face-off versus Aleksander Barkov in WASHINGTON Capitals zone.
14:12 of 3rd period - Icing by Haydn Fleury.
14:13 of 3rd period - Aleksander Barkov wins face-off versus Jason Zucker in WASHINGTON Capitals zone.
14:15 of 3rd period - Nick Jensen is hit by Pavel Buchnevich and loses puck.
14:25 of 3rd period - Icing by Alex Pietrangelo.
14:26 of 3rd period - Austin Czarnik wins face-off versus Mikey Eyssimont in PHILADELPHIA Flyers zone.
14:26 of 3rd period - Austin Czarnik is hit by Mikey Eyssimont.
14:33 of 3rd period - Minor Penalty to Alex Pietrangelo for Holding.
14:34 of 3rd period - Aleksander Barkov wins face-off versus Austin Czarnik in PHILADELPHIA Flyers zone.
14:39 of 3rd period - Shot by Frederick Gaudreau.
14:39 of 3rd period - Shot Blocked by Tj Brodie.
15:16 of 3rd period - Icing by Aleksander Barkov.
15:17 of 3rd period - Aleksander Barkov wins face-off versus Austin Czarnik in WASHINGTON Capitals zone.
15:17 of 3rd period - Aleksander Barkov is hit by Austin Czarnik.
15:22 of 3rd period - Aleksander Barkov is hit by Sean Monahan and loses puck.
15:27 of 3rd period - Aleksander Barkov is hit by Justin Faulk and loses puck.
16:24 of 3rd period - Shot by Brandon Hagel.
16:24 of 3rd period - Goal by Brandon Hagel - WASHINGTON Capitals : 5 - PHILADELPHIA Flyers : 3.
16:25 of 3rd period - Brock Nelson wins face-off versus Mikey Eyssimont in neutral zone.
17:23 of 3rd period - Icing by Justin Faulk.
17:24 of 3rd period - Sean Monahan wins face-off versus Alex Killorn in PHILADELPHIA Flyers zone.
17:26 of 3rd period - Icing by Justin Faulk.
17:27 of 3rd period - Alex Killorn wins face-off versus Jakob Silfverberg in PHILADELPHIA Flyers zone.
17:44 of 3rd period - Shot by Brandon Hagel.
17:44 of 3rd period - Shot Misses the Net.
17:56 of 3rd period - Shot by Sean Monahan.
17:56 of 3rd period - Stopped by Jordan Binnington without a rebound.
17:57 of 3rd period - Frederick Gaudreau wins face-off versus Austin Czarnik in WASHINGTON Capitals zone.
18:23 of 3rd period - Icing by Austin Czarnik.
18:24 of 3rd period - Jason Zucker wins face-off versus Alex Killorn in PHILADELPHIA Flyers zone.
18:31 of 3rd period - Shot by Pavel Buchnevich.
18:31 of 3rd period - Stopped by Jordan Binnington with a rebound.
18:39 of 3rd period - Shot by Nikita Kucherov.
18:39 of 3rd period - Stopped by Stuart Skinner without a rebound.
18:40 of 3rd period - Aleksander Barkov wins face-off versus Sean Monahan in PHILADELPHIA Flyers zone.
18:51 of 3rd period - Shot by Jared McCann.
18:51 of 3rd period - Stopped by Stuart Skinner with a rebound.
19:19 of 3rd period - Shot by Slater Koekkoek.
19:19 of 3rd period - Shot Misses the Net.
19:21 of 3rd period - Shot by Frederick Gaudreau.
19:21 of 3rd period - Stopped by Stuart Skinner with a rebound.
19:23 of 3rd period - Shot by Jared McCann.
19:23 of 3rd period - Deflect By Aleksander Barkov.
19:23 of 3rd period - Stopped by Stuart Skinner without a rebound.
19:24 of 3rd period - Austin Czarnik wins face-off versus Nikita Kucherov in PHILADELPHIA Flyers zone.
19:45 of 3rd period - Shea Theodore is hit by Pavel Buchnevich and loses puck.
19:56 of 3rd period - Shot by Brandon Hagel.
19:56 of 3rd period - Shot Blocked by Justin Faulk.
Goals for this period are 2 for WASHINGTON Capitals vs 2 for PHILADELPHIA Flyers.
Shots for this period are 14 for WASHINGTON Capitals vs 11 for PHILADELPHIA Flyers.